 Dungeon Crawl Stone Soup version 0.19-a0-1097-g38e3b35 (webtiles) character file.

1568 patman the Ducker (level 8, -2/64 HPs)
             Began as a Vampire Summoner on Feb 24, 2016.
             Was an Initiate of Kikubaaqudgha.
             Slain by a two-headed ogre
             ... wielding a +0 dire flail of holy wrath
              (15 damage)
             ... on level 8 of the Dungeon on Aug 8, 2016.
             The game lasted 00:19:27 (7636 turns).

patman the Ducker (Vampire Summoner)                Turns: 7636, Time: 00:19:28

Health: -2/64      AC: 10    Str:  7      XL:     8   Next: 59%
Magic:  11/11      EV: 17    Int: 21      God:    Kikubaaqudgha [......]
Gold:   385        SH:  0    Dex: 15 (16) Spells: 2 memorised, 7 levels left

rFire  . . .     SeeInvis +     e - +1 dagger (protect)
rCold  + + .     Gourm    .     a - +0 robe
rNeg   + + .     Faith    .     (no shield)
rPois  +         Spirit   .     q - +2 hat
rElec  .         Dismiss  .     (no cloak)
rCorr  .         Reflect  .     E - +0 pair of gloves
SustAt .         Harm     .     (no boots)
MR     .....                    (no amulet)
Stlth  +++.......               (no ring)
                                z - ring "Vevit" {+Fly rC+ Int+3}

@: regenerating slowly
A: fangs 3, see invisible, unbreathing
a: Bat Form, Renounce Religion, Evoke Flight


You were on level 8 of the Dungeon.
You worshipped Kikubaaqudgha.
Kikubaaqudgha was noncommittal.
You were very thirsty.

You visited 2 branches of the dungeon, and saw 9 of its levels.

You collected 385 gold pieces.

Inventory:

Hand Weapons
 d - a +0 club
 e - a +1 dagger of protection (weapon)
 B - a +1 short sword of venom
Missiles
 h - 10 tomahawks (quivered)
Armour
 a - a +0 robe (worn)
 q - a +2 hat (worn)
 E - a +0 pair of gloves (worn)
Jewellery
 z - the ring "Vevit" (left hand) {+Fly rC+ Int+3}
   (You found it on level 6 of the Dungeon)

   [ring of flight]

   It affects your intelligence (+3).
   It protects you from cold.
   It lets you fly.
Wands
 y - a wand of disintegration (0/24)
Scrolls
 c - a scroll of amnesia {unknown}
 i - a scroll of blinking
 k - 4 scrolls of remove curse
 m - 2 scrolls of teleportation
 n - a scroll of enchant armour {unknown}
 p - 2 scrolls of fear
 w - a scroll of recharging {unknown}
 C - a scroll of noise {unknown}
Potions
 f - a potion of agility
 g - 2 potions of flight
 j - 5 potions of curing
 l - 2 potions of brilliance
 o - a potion of ambrosia {unknown}
 r - 2 potions of berserk rage
 s - a potion of might
 t - 2 potions of heal wounds
 u - a potion of haste
 x - a potion of resistance {unknown}
 A - 5 potions of blood
Books
 b - a book of Callings

   Spells                             Type                      Level
   a - Summon Small Mammal            Summoning                    1
   b - Call Imp                       Summoning                    2
   c - Call Canine Familiar           Summoning                    3
   d - Summon Guardian Golem          Hexes/Summoning              3
   e - Summon Lightning Spire         Summoning/Air                4
   f - Summon Ice Beast               Ice/Summoning                4
 v - a book of Fire

   Spells                             Type                      Level
   a - Ignite Poison                  Fire/Transmutation/Poison    3
   b - Fireball                       Conjuration/Fire             5
   c - Bolt of Fire                   Conjuration/Fire             6
   d - Delayed Fireball               Conjuration/Fire             7
   e - Ring of Flames                 Charms/Fire                  7
 D - a book of Annihilations

   Spells                             Type                      Level
   a - Poison Arrow                   Conjuration/Poison           6
   b - Chain Lightning                Conjuration/Air              8
   c - Lehudib's Crystal Spear        Conjuration/Earth            8
   d - Glaciate                       Conjuration/Ice              9
   e - Fire Storm                     Conjuration/Fire             9


   Skills:
 * Level 6.1 Fighting
 * Level 7.7 Dodging
 - Level 3.0 Stealth
 - Level 2.0 Spellcasting
 - Level 6.4 Summonings


You had 7 spell levels left.
You knew the following spells:

 Your Spells              Type           Power        Failure   Level  Hunger
a - Summon Small Mammal   Summ           ####         1%          1    #......
c - Call Canine Familiar  Summ           ####....     3%          3    ###....


Dungeon Overview and Level Annotations

Branches:
Dungeon (8/15)             Temple (1/1) D:7
   Lair: D:8-11

Altars:
Ashenzari
Cheibriados
Dithmenos
Elyvilon
Fedhas
Gozag
Kikubaaqudgha
Makhleb
Nemelex Xobeh
Okawaru
Pakellas
Qazlal
Ru
Sif Muna
Trog
Vehumet
Xom
Zin
The Shining One

Annotations:
D:8 brucemayne's ghost, novice DsGl


Innate Abilities, Weirdness & Mutations

You heal slowly.
You have razor-sharp teeth.
You have supernaturally acute eyesight. (SInv)
You can survive without breathing.


Message History

The two-headed ogre is heavily wounded.
The two-headed ogre hits you with a dire flail of holy wrath!!
You convulse!!
The two-headed ogre barely misses you.
You hear a shout!
You hit the two-headed ogre.
The two-headed ogre is heavily wounded.
The two-headed ogre hits you but does no damage.
The two-headed ogre hits you with a giant club!
* * * LOW HITPOINT WARNING * * *
You are too injured to fight recklessly!
You are too injured to fight recklessly!
You are too injured to fight recklessly!
You hit the two-headed ogre.
The two-headed ogre is severely wounded.
The two-headed ogre misses you. The two-headed ogre closely misses you.
You completely miss the two-headed ogre.
The two-headed ogre is severely wounded.
The two-headed ogre hits you with a dire flail of holy wrath!
You die...
Kikubaaqudgha rasps: "You have failed me!
Welcome... oblivion!"

####.#.# #......#
#.##.###
########<##.######
...................
#######.%...#######
#.##### #.# #@# #O#
h...H.hcO......
##.####......##
#.####.# #+# #


You could see a two-headed ogre, a black bear, an ogre and a centaur.

Vanquished Creatures
  A hill giant (D:7)
  A centaur (D:6)
  A giant frog (D:6)
  An orc priest (D:7)
  An orc wizard (D:7)
  A worker ant (D:5)
  A hound zombie (D:7)
  A howler monkey skeleton (D:5)
  2 gnolls (D:7)
  2 adders (D:6)
  A shadow imp (D:8)
  An ooze (D:6)
  An adder skeleton (D:8)
  A worm (D:3)
  2 giant geckos
  An orc (D:6)
  3 bats
  3 giant cockroaches
  5 goblins
  3 hobgoblins
  2 quokkas
  5 giant newts
  6 kobolds
  2 quokka skeletons
  A quokka zombie (D:8)
  12 rats
61 creatures vanquished.

Vanquished Creatures (collateral kills)
  3 hippogriffs (D:7)
  An ice beast (D:5)
  A sky beast (D:6)
  4 ogres
  Blork the orc (D:6)
  A giant frog (D:8)
  The ghost of Kidiri the Magician, a weakling DEFE (D:3)
  A quasit (D:8)
  A giant frog zombie (D:6)
  A jelly (D:6)
  2 centaur zombies (D:6)
  2 hounds (D:6)
  An iguana (D:5)
  An orc wizard (D:7)
  2 worker ants
  A hound skeleton (D:6)
  2 gnolls (D:7)
  3 adders
  A river rat (D:6)
  A worm (D:2)
  3 giant geckos
  3 orcs
  2 bats
  2 giant cockroaches
  3 goblins
  7 hobgoblins
  3 jackals (D:5)
  4 kobolds
  A quokka (D:2)
  5 giant newts
64 creatures vanquished.

Grand Total: 125 creatures vanquished

Notes
Turn   | Place    | Note
-------+----------+-------------------------------------------
     0 | D:1      | patman the Vampire Summoner began the quest for the Orb.
     0 | D:1      | Reached XP level 1. HP: 13/13 MP: 3/3
   557 | D:1      | Reached XP level 2. HP: 2/19 MP: 1/5
  1406 | D:2      | Reached skill level 5 in Summonings
  1622 | D:2      | Reached XP level 3. HP: 24/24 MP: 4/6
  1630 | D:2      | Learned a level 3 spell: Call Canine Familiar
  1861 | D:2      | Found a bloodstained altar of Trog.
  2234 | D:3      | Noticed Kidiri's ghost (weakling DEFE)
  2253 | D:3      | Killed Kidiri's ghost
  2253 | D:3      | Reached XP level 4. HP: 20/30 MP: 1/7
  2940 | D:3      | Noticed an ogre
  2956 | D:3      | Killed an ogre
  2956 | D:3      | Reached XP level 5. HP: 35/35 MP: 5/8
  3256 | D:4      | Noticed an ogre
  3267 | D:4      | Killed an ogre
  3267 | D:4      | Reached skill level 1 in Fighting
  3426 | D:5      | Entered Level 5 of the Dungeon
  3483 | D:5      | Reached skill level 3 in Dodging
  3491 | D:5      | Noticed an ice beast
  3512 | D:5      | Killed an ice beast
  3512 | D:5      | Reached XP level 6. HP: 42/44 MP: 4/9
  3866 | D:5      | Reached skill level 4 in Dodging
  3982 | D:6      | Noticed Blork the orc
  4429 | D:6      | Killed Blork the orc
  4429 | D:6      | Reached XP level 7. HP: 23/52 MP: 4/10
  4680 | D:6      | Got an ancient tin ring
  4681 | D:6      | Identified the ring "Vevit" {+Fly rC+ Int+3} (You found it on level 6 of the Dungeon)
  4754 | D:6      | Reached skill level 5 in Dodging
  5672 | D:7      | Found a staircase to the Ecumenical Temple.
  5695 | Temple   | Entered the Ecumenical Temple
  5853 | Temple   | Became a worshipper of Kikubaaqudgha
  5914 | D:7      | Noticed a hippogriff
  5925 | D:7      | Killed a hippogriff
  6089 | D:7      | Noticed a hippogriff
  6113 | D:7      | Killed a hippogriff
  6113 | D:7      | Reached skill level 6 in Dodging
  6262 | D:7      | Reached XP level 8. HP: 41/61 MP: 8/11
  6426 | D:7      | Reached skill level 5 in Fighting
  6503 | D:7      | Found a stormy altar of Qazlal.
  6897 | D:7      | Noticed a hill giant
  7211 | D:7      | Killed a hill giant
  7211 | D:7      | Reached skill level 7 in Dodging
  7311 | D:8      | Noticed brucemayne's ghost (novice DsGl)
  7609 | D:8      | Noticed a two-headed ogre
  7618 | D:7      | Upgraded the game from 0.18-a0-1405-g73f4075 to 0.19-a0-1097-g38e3b35
  7636 | D:8      | Slain by a two-headed ogre

Vault maps used:
D:1:      nagdon_arrival_double_spiral, kennysheep_pointless_box
D:2:      minmay_misc_feat_iff, minmay_misc_feat_columns, minmay_misc_feat_chi,
          trog_hazing_becter
D:4:      uniq_grinder
D:5:      lemuel_doored_altar, first_bread
D:6:      lemuel_ratsnest, uniq_blork_the_orc
D:7:      nicolae_overflow_crystal_walls, minmay_temple_entry_crystal_x
D:8:      serial_shops, shop
Temple:   kilobyte_greek_temple_18

Skill      XL: |  1  2  3  4  5  6  7  8 |
---------------+-------------------------+-----
Summonings     | 5 6 |  6.4
Fighting       | 2 3 4 6 |  6.1
Dodging        | 3 4 6 7 |  7.7
Stealth        | |  3.0
Spellcasting   | |  2.0

Action                   |  1- 3 |  4- 6 |  7- 9 || total
-------------------------+-------+-------+-------++-------
Melee: Club              |    11 |       |       ||    11
       Unarmed           |     7 |       |       ||     7
       Dagger            |   105 |   126 |   208 ||   439
       Dagger            |       |       |    10 ||    10
Throw: Tomahawk          |       |       |     2 ||     2
 Cast: Summon Small Mamm |    24 |    12 |    16 ||    52
       Call Canine Famil |     6 |    19 |    21 ||    46
Evoke: Club              |       |       |     2 ||     2
  Use: Scroll            |       |    14 |     1 ||    15
       Potion            |       |       |     1 ||     1
 Stab: Sleeping          |     4 |     2 |     4 ||    10
       Distracted        |     1 |     5 |       ||     6
  Eat: Corpse            |     8 |     4 |     7 ||    19
Armor: Robe              |       |       |     2 ||     2
Dodge: Dodged            |       |       |    10 ||    10
